 Dungeon Crawl Stone Soup version 0.22.1-1-ga44c0e5 (webtiles) character file.

310 whitewolfNL the Sneak (level 6, 0/39 HPs)
             Began as an Octopode Transmuter on Sept 22, 2018.
             Slain by a slave (6 damage)
             ... led by Pikel
             ... on level 4 of the Dungeon.
             The game lasted 00:30:57 (5712 turns).

whitewolfNL the Sneak (Octopode Transmuter)         Turns: 5712, Time: 00:30:57

Health: 0/39       AC:  1    Str: 11    XL:     6   Next: 41%
Magic:  3/9        EV: 14    Int: 15    God:
Gold:   90         SH:  0    Dex: 13    Spells: 0/9 levels left

rFire    . . .     SeeInvis .   h - -1 club (curse)
rCold    + . .     Gourm    .   (no shield)
rNeg     . . .     Faith    .   (helmet restricted)
rPois    .         Spirit   .   (no amulet)
rElec    .         Reflect  .   u - ring of protection from cold
rCorr    +         Harm     .   o - ring of resist corrosion
MR       .....                  (no ring)
Stlth    ++++......             (no ring)
HPRegen  0.13/turn              (no ring)
MPRegen  0.11/turn              (no ring)
                                (no ring)
                                (no ring)

@: appendage (expiring), very slightly contaminated
A: almost no armour, stealthy swim, amphibious, 8 rings, constrict 8, tentacle
spike 3, camouflage 1, gelatinous body 1
a: End Transformation


You were on level 4 of the Dungeon.
You were not hungry.
One of your tentacles had a temporary spike.
You visited 1 branch of the dungeon, and saw 4 of its levels.

You collected 90 gold pieces.

Inventory:

Hand Weapons
 f - a +2 dagger of venom
 h - a cursed -1 club (weapon)
 j - a +0 dagger
 l - a +0 short sword
 n - a +1 club
 t - a cursed -1 hand axe
Missiles
 a - 42 arrows
 b - 145 stones (quivered)
 i - 54 bolts
 v - 25 sling bullets
Armour
 q - a +0 buckler
Jewellery
 o - a ring of resist corrosion (right tentacle)
 u - a ring of protection from cold (left tentacle)
Scrolls
 d - 2 scrolls of teleportation
 k - 4 scrolls of enchant weapon
 p - a scroll of magic mapping
Potions
 e - a potion of cancellation {unknown}
 m - a potion of lignification
 r - 2 potions of ambrosia
Comestibles
 c - 3 rations
 g - 2 chunks of flesh


   Skills:
 - Level 2.1 Fighting
 - Level 0.5 Maces & Flails
 + Level 3.1 Dodging
 + Level 5.4 Stealth
 * Level 4.3 Unarmed Combat
 - Level 2.1 Spellcasting
 + Level 2.1 Transmutations


You couldn't memorise any spells.
You knew the following spells:

 Your Spells              Type           Power        Failure   Level  Hunger
a - Beastly Appendage     Tmut           #.....       10%         1    #......
b - Spider Form           Tmut/Pois      #.........   38%         3    ###....
c - Sticks to Snakes      Tmut           #.......     14%         2    ###....
d - Corona                Hex            #......      22%         1    #......
e - Ensorcelled Hibernat  Hex/Ice        #.....       32%         2    ###....

Your spell library contained the following spells:

 Spells                   Type           Power        Failure   Level  Hunger
 Confuse                  Hex            #.......     54%         3    ###....
 Dazzling Spray           Conj/Hex       #.....       54%         3    ###....
 Tukima's Dance           Hex            #.......     54%         3    ###....
 Ice Form                 Ice/Tmut       #.......     80%         4    #####..
 Blade Hands              Tmut           #.........   95%         5    ######.


Dungeon Overview and Level Annotations

Branches:
Dungeon (4/15)
 Temple: D:4-7

Altars:

Annotations:
D:4 1 runed door, Alter's ghost, novice GrFi


Innate Abilities, Weirdness & Mutations

You cannot wear most types of armour.
You are very stealthy in the water. (Stealth+)
You are amphibious.
You can wear up to eight rings at the same time.
You can use your tentacles to constrict eight enemies at once.
Your skin changes colour to match your surroundings (Stealth+).
Your rubbery body absorbs attacks. (AC +1, EV +1)
One of your tentacles bears a large vicious spike.


Message History

You tentacle-slap the slave, but do no damage.
Your squeeze misses the slave.
The slave is moderately wounded.
You constrict the slave. The slave hits you!
You hit the slave but do no damage.
The slave is moderately wounded.
You constrict the slave, but do no damage.
The slave hits you!
You hit the slave. You squeeze the slave!
The slave is heavily wounded.
Your transformation is almost over.
You constrict the slave, but do no damage.
The slave hits you.
* * * LOW HITPOINT WARNING * * *
You hit the slave.
The slave is severely wounded.
You constrict the slave. The slave hits you.
* * * LOW HITPOINT WARNING * * *
The slave hits you.
You die...

#.....# #.. #..##.###.# #..
#.........# #.. #...#.# #..
#.....####################..#
##.........................##
##.####################..##.
#.# ######### #.##W. #.#
#@p$..... ..+... #.#
#.####### .##.. #.# #.# ..##.
#.# #.# #..## #.########.#
#..# #..........# ##.. ####
############ #..# ...#
######.## ##.#
##########........


You could see a slave.

Vanquished Creatures
  A bullfrog (D:2)
  2 howler monkeys (D:4)
  2 worker ants (D:4)
  5 adders
  An ooze (D:2)
  2 worms (D:2)
  5 orcs
  3 giant cockroaches
  2 hobgoblins (D:1)
  7 jackals
  A quokka (D:4)
  2 ball pythons (D:1)
  6 bats
  4 frilled lizards
  7 goblins
  A jackal skeleton (D:4)
  5 kobolds
  13 rats
69 creatures vanquished.

Notes
Turn   | Place    | Note
-------+----------+-------------------------------------------
     0 | D:1      | whitewolfNL the Octopode Transmuter began the quest for the
                  | Orb.
     0 | D:1      | Reached XP level 1. HP: 13/13 MP: 3/3
   118 | D:1      | Reached skill level 1 in Stealth
   254 | D:1      | Reached XP level 2. HP: 13/18 MP: 5/5
  1205 | D:2      | Reached XP level 3. HP: 8/23 MP: 6/6
  1725 | D:2      | HP: 1/23 [poisoned by an adder]
  2228 | D:2      | Reached skill level 2 in Stealth
  2353 | D:2      | Reached XP level 4. HP: 18/29 MP: 7/7
  2491 | D:2      | Noticed a bullfrog
  2498 | D:2      | Killed a bullfrog
  2498 | D:2      | Reached skill level 3 in Stealth
  2498 | D:2      | Reached XP level 5. HP: 14/34 MP: 8/8
  3766 | D:3      | Reached skill level 4 in Stealth
  4481 | D:4      | Reached skill level 5 in Stealth
  4481 | D:4      | Reached XP level 6. HP: 12/39 MP: 5/9
  4746 | D:4      | Found a runed door.
  4746 | D:4      | Noticed Alter's ghost (novice GrFi)
  5223 | D:4      | Learned a level 3 spell: Spider Form
  5226 | D:4      | Learned a level 2 spell: Sticks to Snakes
  5228 | D:4      | Learned a level 1 spell: Corona
  5231 | D:4      | Learned a level 2 spell: Ensorcelled Hibernation
  5325 | D:4      | Noticed a slave
  5712 | D:4      | Slain by a slave

Skill      XL: |  1  2  3  4  5  6 |
---------------+-------------------+-----
Stealth        | 1 2 3 5 |  5.4
Fighting       | 2 |  2.1
Unarmed Combat | 4 |  4.3
Dodging        | 3 |  3.1
Maces & Flails | |  0.5
Spellcasting   | |  2.1
Transmutations | |  2.1

Action                   |  1- 3 |  4- 6 || total
-------------------------+-------+-------++-------
Melee: Unarmed           |    49 |       ||    49
       Constrict         |    26 |    26 ||    52
       Tentacles         |    15 |    25 ||    40
       Punch             |     2 |     5 ||     7
       Club              |    39 |   101 ||   140
       Kick              |       |     2 ||     2
 Cast: Beastly Appendage |       |     6 ||     6
       Ensorcelled Hiber |       |     2 ||     2
       Corona            |       |     2 ||     2
  Use: Scroll            |     2 |     5 ||     7
       Potion            |     2 |     3 ||     5
 Stab: Sleeping          |     9 |     8 ||    17
       Distracted        |     1 |     1 ||     2
  Eat: Ration            |     1 |     3 ||     4
       Chunk             |     1 |     3 ||     4
Armor: Skin              |     6 |     4 ||    10
Dodge: Dodged            |    69 |    71 ||   140
